 Dungeon Crawl Stone Soup version 0.29-a0-380-gf50f0a9fbc (webtiles) character file.

Game seed: 12543830213222857246

120 spaghetti the Skirmisher (level 5, -4/42 HPs)
             Began as a Djinni Chaos Knight on May 5, 2022.
             Was a Plaything of Xom.
             Slain by an orc priest
             ... wielding a +0 flail
              (7 damage)
             ... on level 4 of the Dungeon.
             The game lasted 00:04:56 (2023 turns).

spaghetti the Skirmisher (Djinni Chaos Knight)      Turns: 2023, Time: 00:04:56

Health: -4/42      AC: 10    Str: 11    XL:     5   Next: 25%
Gold:   177        EV: 12    Int: 15    God:    Xom [*.....] SH:  0 Dex: 11

rFire   + + .      SeeInvis .   a - +0 falchion (chaos) {long}
rCold   x . .      Faith    .   (no shield)
rNeg    . . .      Spirit   .   b - +3 leather armour rPois โˆž Reflect .
                                (no helmet)
rElec   .          Harm     .   (no cloak)
rCorr   .          Rampage  .   (no gloves)
Will    .....                   (boots unavailable)
Stlth   +.........              (no amulet)
HPRegen 0.14/turn               m - +4 ring of protection
MPRegen 0.00/turn               (no ring)

@: attractive, flying, very slightly contaminated
A: sickness immunity, fire resistance 2, cold vulnerability 1, float, innate
caster, HP casting, extra vitality 1, clumsy 1
a: Renounce Religion


You were on level 4 of the Dungeon.
You worshipped Xom.
You were a special plaything of Xom.
You visited 1 branch of the dungeon, and saw 4 of its levels.

You collected 177 gold pieces.


Innate Abilities, Weirdness & Mutations

You are immune to sickness and miasma.
You are immune to poison.
Your flesh is very heat resistant. (rF++)
You are vulnerable to cold. (rC-)
You float through the air rather than walking.
You learn spells naturally, not from books.
Your magical power is your life essence.
You have superior vitality. (+4 MHP)
You are clumsy. (Dex -2)


   Skills:
 + Level 4.4 Fighting
 - Level 2.6 Long Blades
 - Level 1.0 Armour
 + Level 4.2 Dodging


You had one spell level left.
You knew the following spells:

 Your Spells              Type           Power      Damage    Failure   Level
a - Slow                  Hex            0%         N/A       34%         1
b - Static Discharge      Conj/Air       0%         N/A       47%         2
Your spell library was empty.

Inventory:

Hand Weapons
 a - a +0 falchion of chaos (weapon) {long}
Missiles
 e - 2 throwing nets {=f!fthrowing}
 f - 57 stones (quivered) {throwing}
 i - 4 poisoned darts {throwing}
Armour
 b - a +3 leather armour (worn)
 d - an orb of guile
   (You found it on level 1 of the Dungeon)
Jewellery
 m - a +4 ring of protection (left hand)
   (You found it on level 3 of the Dungeon)
Wands
 q - a wand of flame (19)
   (You found it on level 2 of the Dungeon)
Scrolls
 j - a scroll of teleportation {@r4}
 l - a scroll of immolation {unknown}
Potions
 r - 2 potions of brilliance
Miscellaneous
 c - a piece from Xom's chessboard (15/15)

Dungeon Overview and Level Annotations

Branches:
Dungeon (4/15)
 Temple: D:4-7

Altars:

#.......#
#.......#
#.......#
+.......+
#.......#
#.......#######
#.......ยงo....#
#...<..ยง.)@...#
#.........{...#
#...##..###..##
#+## #..# ###
#...b. +.......
#.........
####+##... ...


You could see an orc priest (fast).


Message History

You regained 5 hp, and now have 41/42 hp.
Unknown command.
You hit the orc priest.
The orc priest seems to speed up.
The orc priest hits you with a +0 flail.
You hear some strange, mumbled words.
A magic dart appears from out of thin air!
The magic dart hits you!
The orc priest miscasts a cantrip.
Something hits you but does no damage. ๐Ÿ˜ฎ HP[-12]
You take 12 damage, and now have 29/42 hp.
MASSIVE DAMAGE!! (PAUSE) Cast which spell? (? or * to list) Really attack your butterfly?
Really attack your butterfly? Really attack your butterfly?
You miscast Static Discharge.
You are very lightly contaminated with residual magic.
Nothing appears to happen.
Your butterfly disappears in a puff of smoke!
Your butterfly degenerates into a cloud of primal chaos!
The orc priest barely misses you. The orc priest closely misses you.
Something hits you. ๐Ÿ˜ฎ HP[-3]
You take 3 damage, and now have 26/42 hp.
Unknown command.
Unknown command.
Unknown command.
Casting: Static Discharge (dangerous; 47% risk of failure)
Confirm with . or Enter, or press ? or * to list all spells.
You miscast Static Discharge.
Nothing appears to happen.
The orc priest hits you but does no damage.
You hear some strange, mumbled words.
A puff of flame appears from out of thin air!
The puff of flame hits you but does no damage. ๐Ÿ˜ฎ HP[-2]
You take 2 damage, and now have 24/42 hp.
Unknown command.
Unknown command.
Casting: Static Discharge (dangerous; 47% risk of failure)
Confirm with . or Enter, or press ? or * to list all spells.
Really attack your butterfly?
You miscast Static Discharge.
Nothing appears to happen.
Your butterfly disappears in a puff of smoke!
The orc priest barely misses you. x2; Something hits you but does no damage. ๐Ÿ˜ฎ HP[-2]
You take 2 damage, and now have 22/42 hp.
Unknown command.
Unknown command.
Casting: Static Discharge (dangerous; 47% risk of failure)
Confirm with . or Enter, or press ? or * to list all spells.
You miscast Static Discharge.
Nothing appears to happen.
* * * LOW HITPOINT WARNING * * *
The orc priest completely misses you.
Something hits you but does no damage. ๐Ÿ˜จ HP[-1]
You take 1 damage, and now have 21/42 hp.
Unknown command.
Casting: Static Discharge (dangerous; 47% risk of failure)
Confirm with . or Enter, or press ? or * to list all spells.
The orc priest is struck by an arc of lightning.
The lightning grounds out.
Something is struck by an arc of lightning.
The lightning grounds out.
* * * LOW HITPOINT WARNING * * *
The orc priest hits you with a +0 flail.
* * * LOW HITPOINT WARNING * * *
The orc priest barely misses you.
You hear some strange, mumbled words.
A magic dart appears from out of thin air!
The magic dart hits you but does no damage. ๐Ÿ˜จ HP[-8]
You take 8 damage, and now have 13/42 hp.
Casting: Static Discharge (dangerous; 47% risk of failure)
Confirm with . or Enter, or press ? or * to list all spells.
Really attack your butterfly? Really attack your butterfly?
Okay, then.
Casting: Static Discharge (dangerous; 47% risk of failure)
Confirm with . or Enter, or press ? or * to list all spells.
Really attack your butterfly? Really attack your butterfly?
You miscast Static Discharge.
Nothing appears to happen.
* * * LOW HITPOINT WARNING * * *
Your butterfly disappears in a puff of smoke! x2
The orc priest closely misses you. Something hits you.
* * * LOW HITPOINT WARNING * * *
๐Ÿ˜ฑ HP[-5]
You take 5 damage, and now have 8/42 hp.
Unknown command.
Okay, then.
You hit the orc priest but do no damage.
The orc priest hits you with a +0 flail.
* * * LOW HITPOINT WARNING * * *
The orc priest hits you with a +0 flail!
You die...

Skill      XL: |  1  2  3  4 |
---------------+-------------+-----
Dodging        | 3 4 |  4.2
Fighting       | 4 |  4.4
Long Blades    | |  2.6
Armour         | |  1.0

Action                   |  1- 3 |  4- 6 || total
-------------------------+-------+-------++-------
Melee: Falchion          |    97 |    24 ||   121
       Punch             |     1 |       ||     1
Throw: Stone             |       |    10 ||    10
 Cast: Static Discharge  |       |     1 ||     1
  Use: Scroll            |       |     8 ||     8
       Potion            |       |     3 ||     3
 Stab: Sleeping          |     1 |       ||     1
Armor: Leather armour    |    54 |    29 ||    83
Dodge: Dodged            |    84 |    39 ||   123

Levels and vault maps discovered:
D:1:      psy_arrival_conway, layout_loops_corners, serial_glass,
          glass_columns_b, glass_columns_b
D:2:      layout_basic
D:3:      layout_basic
D:4:      layout_gridville, serial_shops, nicolae_shop_statue_plus,
          shop_fountains, shop, nicolae_shop_window_shopping

Notes
Turn   | Place    | Note
-------+----------+-------------------------------------------
     0 | D:1      | spaghetti the Djinni Chaos Knight began the quest for the
                  | Orb.
     0 | D:1      | Reached XP level 1. HP: 20/20 MP: 0/0
     0 | D:1      | magus.rc [v1.9.6]
   253 | D:1      | Reached XP level 2. HP: 24/25 MP: 0/0
   662 | D:1      | Reached skill level 3 in Dodging
   662 | D:1      | Reached XP level 3. HP: 29/30 MP: 0/0
   662 | D:1      | Learned a level 1 spell: Slow
  1257 | D:2      | XOM: noise
  1284 | D:2      | XOM: 2-stop teleportation journey
  1362 | D:2      | Reached XP level 4. HP: 33/37 MP: 0/0
  1529 | D:2      | XOM: god gift: 2 smoky blue potions {god gift}
  1676 | D:2      | XOM: 1-stop teleportation journey
  1733 | D:2      | Reached skill level 4 in Fighting
  1952 | D:3      | XOM: give mutations
  1952 | D:3      | Gained mutation: You are clumsy. (Dex -2) [Xom's mischief]
  2004 | D:4      | HP: 7/37 [orc priest/divine providence (10)]
  2004 | D:4      | XOM: butterfly on damage
  2016 | D:4      | Reached skill level 4 in Dodging
  2016 | D:4      | Reached XP level 5. HP: 41/42 MP: 0/0
  2016 | D:4      | Learned a level 2 spell: Static Discharge
  2022 | D:4      | HP: 8/42 [something (3)]
  2023 | D:4      | HP: 3/42 [orc priest/+0 flail (5)]
  2023 | D:4      | Slain by an orc priest

Vanquished Creatures
  An orc priest (D:4)
  An iguana (D:3)
  2 adders (D:2)
  6 bats
  An endoplasm (D:2)
  2 giant cockroaches (D:2)
  A goblin (D:1)
  5 hobgoblins
  2 jackals (D:1)
  5 quokkas
  6 ball pythons
  A frilled lizard (D:2)
  3 kobolds (D:1)
  5 rats
41 creatures vanquished.

Table legend:
 A = Non-vault XP
 B = Vault XP
 C = Vault XP percentage of total XP
 D = Non-vault monster count
 E = Vault monster count
 F = Vault count percentage of total count
                 A         B        C        D         E       F
            +---------+---------+-------+---------+---------+-------
      Total |     172 |       0 |   0.0 |      41 |       0 |   0.0
            +---------+---------+-------+---------+---------+-------
        D:1 |      39 |       0 |   0.0 |      23 |       0 |   0.0
        D:2 |      50 |       0 |   0.0 |      15 |       0 |   0.0
        D:3 |      39 |       0 |   0.0 |       2 |       0 |   0.0
        D:4 |      44 |       0 |   0.0 |       1 |       0 |   0.0
            +---------+---------+-------+---------+---------+-------

Illustrated notes

Table legend:
 A = Kills in this place as a percentage of kills in entire the game.
 B = Kills by you in this place as a percentage of kills by you in the entire game.
 C = Kills by friends in this place as a percentage of kills by friends in the entire game.
 D = Other kills in this place as a percentage of other kills in the entire game.
 E = Experience gained in this place as a percentage of experience gained in the entire game.
 F = Experience gained in this place divided by the number of levels of this place that you have seen.
                   A       B       C       D       E      F
               +-------+-------+-------+-------+-------+----------------------
         Total | 100.0 | 100.0 |   N/A |   N/A | 100.0 |  43.0
       Dungeon | 100.0 | 100.0 |   N/A |   N/A | 100.0 |  43.0
               +-------+-------+-------+-------+-------+----------------------

Table legend: (Time is in decaauts)
 A = Elapsed time spent in this place.
 B = Non-inter-level travel time spent in this place.
 C = Inter-level travel time spent in this place.
 D = Time resting spent in this place.
 E = Time spent auto-exploring this place.
 F = Levels seen in this place.
 G = Mean time per level.
                   A        B        C        D        E       F      G
               +--------+--------+--------+--------+--------+-----+--------+
         Total |   2043 |   1972 |     71 |    234 |   1396 |   4 |  510.8 |
       Dungeon |   2043 |   1972 |     71 |    234 |   1396 |   4 |  510.8 |
               +--------+--------+--------+--------+--------+-----+--------+

Top non-repeatable levels by time:
     D:1: 1039 daAuts
     D:2: 884 daAuts
     D:3: 94 daAuts
     D:4: 25 daAuts
